[Event "TUR-ch U13-18 Open 2023"]
[Site "Antalya"]
[Date "2023.01.27"]
[Round "9"]
[White "Sinay, Ahmet"]
[Black "Tarman, Ufuk"]
[Result "0-1"]
[ECO "A48"]
[WhiteElo "1612"]
[BlackElo "1282"]
[Annotator "NA RC COMBH"]
[PlyCount "138"]
[EventDate "2023.01.17"]
[EventType "swiss"]
[EventCountry "TUR"]
[SourceTitle "playchess.com"]
[Source "ChessBase"]
[SourceQuality "1"]
[TimeControl "5400+30"]

1. d4 Nf6 2. Bf4 g6 3. e3 Bg7 4. h3 O-O 5. Nf3 d6 6. Be2 Nfd7 7. O-O e5 8. Bh2 f5 9. c3 Nc6 10. Nbd2 e4 11. Ne1 Qe8 12. b4 a5 13. Qb3+ Kh8 14. b5 Ne7 15. b6 a4 16. Qb2 Nxb6 17. Bxd6 cxd6 18. Qxb6 Qc6 19. Qb2 f4 20. exf4 Rxf4 21. f3 e3 22. Ne4 Rf8 23. Qb5 Qc7 24. d5 Ra5 25. Qd3 Rxd5 26. Qxe3 Nf5 27. Qc1 Bh6 28. f4 Qb6+ 29. Kh2 Qe3 30. Qxe3 Nxe3 31. Rf3 Nf5 32. Bc4 Ra5 33. Rd1 b5 34. Bf1 Bb7 35. Bd3 Bc6 36. Rf2 Ne3 37. Rdd2 Nd5 38. g3 b4 39. c4 Nc3 40. Nxc3 bxc3 41. Rc2 Bg7 42. Nf3 d5 43. Ng5 Re8 44. Rfe2 Rxe2+ 45. Rxe2 d4 46. Re6 Bd7 47. Re7 Ra7 48. Kg1 Rb7 49. g4 h6 50. Nf7+ Kg8 51. Nd6 Rc7 52. Nb5 Bf6 53. Re2 Rb7 54. f5 gxf5 55. gxf5 Bg5 56. Nxd4 Bd2 57. Nb5 Bc6 58. Rg2+ Bxg2 59. Kxg2 Rd7 60. Be4 Kf7 61. c5 Rd8 62. c6 Kf6 63. Kf3 Rc8 64. c7 Ke5 65. Ke2 Rxc7 66. Nxc7 Kxe4 67. f6 h5 68. f7 Bh6 69. Kd1 Kd3 0-1

[Event "TUR-ch U13-18 Open 2023"]
[Site "Antalya"]
[Date "2023.01.27"]
[Round "9"]
[White "Tezcan, Alper"]
[Black "Okur, Batin"]
[Result "1-0"]
[ECO "B80"]
[WhiteElo "1568"]
[BlackElo "1614"]
[Annotator "NA RC COMBH"]
[PlyCount "121"]
[EventDate "2023.01.17"]
[EventType "swiss"]
[EventCountry "TUR"]
[SourceTitle "playchess.com"]
[Source "ChessBase"]
[SourceQuality "1"]
[TimeControl "5400+30"]

1. e4 c5 2. Nf3 e6 3. d4 cxd4 4. Nxd4 a6 5. Nc3 Qc7 6. g3 Nf6 7. Bg2 d6 8. O-O Be7 9. Re1 O-O 10. Be3 Nc6 11. f4 Bd7 12. h3 Rad8 13. Qf3 Nxd4 14. Bxd4 Bc6 15. Qf2 Nd7 16. Rad1 Rfe8 17. Rd2 b5 18. a3 a5 19. Qe2 Qb7 20. b3 b4 21. axb4 axb4 22. Nd1 e5 23. Bb2 exf4 24. gxf4 Bf8 25. Nf2 Nc5 26. Rdd1 f5 27. Qc4+ d5 28. exd5 Rxe1+ 29. Rxe1 Bxd5 30. Bxd5+ Qxd5 31. Qxd5+ Rxd5 32. Rd1 Rxd1+ 33. Nxd1 Bd6 34. Ne3 g6 35. Nd5 Ne6 36. Be5 Bc5+ 37. Kf1 Kf7 38. Ke2 g5 39. fxg5 Nxg5 40. Nf4 Ne4 41. Kd3 Nf2+ 42. Kc4 Be3 43. Kxb4 Bxf4 44. Bxf4 Nxh3 45. Bb8 f4 46. Kc3 Ke6 47. Kd3 Kf5 48. b4 h5 49. b5 h4 50. b6 Nf2+ 51. Kd4 h3 52. Bxf4 Kxf4 53. b7 Kf3 54. b8=Q Kg2 55. Qb7+ Kg3 56. Ke3 Nd1+ 57. Ke2 Nc3+ 58. Kf1 Nd1 59. Qg7+ Kf3 60. Qf6+ Kg3 61. Qd6+ 1-0

[Event "TUR-ch U13-18 Open 2023"]
[Site "Antalya"]
[Date "2023.01.27"]
[Round "9"]
[White "Gebes, Ata"]
[Black "Ersoz, Teoman Guney"]
[Result "0-1"]
[ECO "E16"]
[WhiteElo "1562"]
[BlackElo "1691"]
[Annotator "NA RC COMBH"]
[PlyCount "104"]
[EventDate "2023.01.17"]
[EventType "swiss"]
[EventCountry "TUR"]
[SourceTitle "playchess.com"]
[Source "ChessBase"]
[SourceQuality "1"]
[TimeControl "5400+30"]

1. d4 Nf6 2. c4 e6 3. Nf3 b6 4. g3 Bb7 5. Bg2 Bb4+ 6. Bd2 Bxd2+ 7. Nbxd2 d6 8. Qc2 Nbd7 9. e4 O-O 10. O-O e5 11. Rfe1 Re8 12. d5 a5 13. b3 c6 14. dxc6 Bxc6 15. Nh4 Nc5 16. Rad1 Qc7 17. Nb1 Rad8 18. Nc3 Ne6 19. Qd2 g6 20. a3 Kg7 21. h3 h6 22. Qe3 Nd4 23. Rxd4 exd4 24. Qxd4 Re6 25. Nf3 Rde8 26. Nd2 Kh7 27. Kh2 Qb7 28. Nd5 Nxd5 29. exd5 Rxe1 30. dxc6 Qe7 31. Nf3 Re2 32. Qxb6 Qd8 33. Qxd8 Rxd8 34. Nd4 Rxf2 35. b4 axb4 36. axb4 Ra8 37. c7 Rc8 38. Nb5 Rc2 39. Nxd6 Rxc7 40. Kg1 Ra7 41. Bf1 Ra1 42. b5 Rcc1 43. b6 Rxf1+ 44. Kg2 Rfb1 45. c5 Ra5 46. Ne4 Rbb5 47. Nf6+ Kg7 48. Nd7 Rxc5 49. b7 Rcb5 50. b8=Q Rxb8 51. Nxb8 Kf6 52. Nc6 Ra3 0-1

[Event "TUR-ch U13-18 Open 2023"]
[Site "Antalya"]
[Date "2023.01.27"]
[Round "9"]
[White "Cicek, Bilal Emre"]
[Black "Binboga, Yaman"]
[Result "1/2-1/2"]
[ECO "D00"]
[WhiteElo "1538"]
[BlackElo "1641"]
[Annotator "NA RC COMBH"]
[PlyCount "116"]
[EventDate "2023.01.17"]
[EventType "swiss"]
[EventCountry "TUR"]
[SourceTitle "playchess.com"]
[Source "ChessBase"]
[SourceQuality "1"]
[TimeControl "5400+30"]

1. d4 Nf6 2. Nc3 d5 3. Bf4 c6 4. e3 Bf5 5. f3 e6 6. g4 Bg6 7. h4 h5 8. g5 Ng8 9. Qd2 Bd6 10. Bxd6 Qxd6 11. O-O-O Ne7 12. Qh2 Qxh2 13. Rxh2 O-O 14. Nh3 Nd7 15. e4 Rad8 16. Rhd2 b5 17. Bg2 b4 18. Ne2 Rc8 19. Nf2 c5 20. Nd3 a5 21. dxc5 Nxc5 22. Nxc5 Rxc5 23. Rd3 Rfc8 24. c3 Rc4 25. Rd4 Rxd4 26. Rxd4 Nc6 27. Rd2 Ne5 28. Rd4 Nc4 29. exd5 e5 30. Bh3 Rc5 31. Rd1 Ne3 32. Rd2 Nxd5 33. Kd1 bxc3 34. bxc3 Nxc3+ 35. Nxc3 Rxc3 36. Rd8+ Kh7 37. Bg2 Rc4 38. Rd5 a4 39. Rxe5 Rxh4 40. Bf1 Rf4 41. Ke2 h4 42. Ke3 Rb4 43. f4 Rb1 44. Bg2 Rb2 45. Bf3 f6 46. Ra5 fxg5 47. Rxa4 Bf5 48. fxg5 h3 49. Kf4 Rb5 50. Rd4 Bg6 51. Kg3 Rxg5+ 52. Kxh3 Ra5 53. a4 Be8 54. Bd1 Kh6 55. Kh4 g5+ 56. Kg3 Ra6 57. Bc2 Bg6 58. Bd1 Bh5 1/2-1/2

[Event "TUR-ch U13-18 Open 2023"]
[Site "Antalya"]
[Date "2023.01.27"]
[Round "9"]
[White "Akkaya, Atakan"]
[Black "Bozkurt, Suleyman Safa"]
[Result "0-1"]
[ECO "C03"]
[WhiteElo "1506"]
[BlackElo "1463"]
[Annotator "NA RC COMBH"]
[PlyCount "88"]
[EventDate "2023.01.17"]
[EventType "swiss"]
[EventCountry "TUR"]
[SourceTitle "playchess.com"]
[Source "ChessBase"]
[SourceQuality "1"]
[TimeControl "5400+30"]

1. e4 e6 2. d4 d5 3. Nd2 Be7 4. e5 c5 5. c3 Nc6 6. Bd3 Qb6 7. Ndf3 cxd4 8. cxd4 Bb4+ 9. Kf1 Bd7 10. Ne2 Nh6 11. g3 O-O-O 12. Kg2 Kb8 13. a3 Be7 14. b4 f6 15. Be3 Ng4 16. Bf4 fxe5 17. Nxe5 Ncxe5 18. Bxe5+ Nxe5 19. dxe5 Rdf8 20. Rf1 g5 21. Qd2 g4 22. Qe3 Qd8 23. Nd4 h5 24. Ra2 Qe8 25. Rc2 Bd8 26. Nb3 Ba4 27. Be2 Bb6 28. Qd3 Bxb3 29. Qxb3 Bd4 30. b5 Qd8 31. a4 Bxe5 32. Qe3 Qf6 33. b6 a6 34. a5 Bd4 35. Qa3 e5 36. f3 Qe6 37. Rc7 h4 38. fxg4 Rxf1 39. Bxf1 h3+ 40. Kh1 Qf6 41. Bxa6 bxa6 42. Rc1 Rf8 43. Qd3 Qf2 44. Rc8+ Rxc8 0-1

[Event "TUR-ch U13-18 Open 2023"]
[Site "Antalya"]
[Date "2023.01.27"]
[Round "9"]
[White "Kutdemir, Mehmet"]
[Black "Danaci, Ege"]
[Result "0-1"]
[ECO "A34"]
[WhiteElo "1369"]
[BlackElo "2088"]
[Annotator "TA"]
[PlyCount "63"]
[EventDate "2023.01.17"]
[EventType "swiss"]
[EventCountry "TUR"]
[SourceTitle "playchess.com"]
[Source "ChessBase"]
[SourceQuality "1"]
[TimeControl "5400+30"]

1. Nf3 {Popel,S/Primel,D} Nf6 2. c4 c5 3. g3 Nc6 4. Nc3 d5 5. cxd5 Nxd5 6. Qb3 {[%emt 0:16:30] A34: Symmetrical English: 2 Nc3, lines with ...d5.} (6. Bg2 $142) 6... Nc7 7. Bg2 e5 8. d3 {[%emt 0:07:30] The position is equal.} Be7 9. Bd2 (9. O-O $11) 9... O-O $15 10. O-O Rb8 11. a4 Be6 {[%emt 0:03:30] [#]} 12. Qd1 $146 ({Predecessor:} 12. Qc2 Na6 13. b3 f6 14. Rab1 Qd7 15. Rfc1 Rfc8 16. Qd1 Bf8 17. Nb5 b6 18. Ne1 {½-½ Tartakower,S-Scherbakoff,G Paris Pierre Caillon Cup 1954 (2)}) 12... b6 13. Ne1 (13. Nb5 $15) 13... Nd4 14. f4 Bb3 15. Qb1 exf4 {[%emt 0:01:30] Black is more active.} 16. Bxf4 Bd6 17. e3 {[%emt 0:07:30] [#] Bxd6 is the strong threat.} Bxf4 18. Rxf4 Nde6 $36 {[%emt 0:00:00][%mdl 2048] Black has some pressure.} 19. Rf2 Nd5 20. Nxd5 (20. Ra3 $11) 20... Bxd5 21. Qd1 Qd7 22. e4 Bb7 23. Bh3 Rbd8 {[%emt 0:01:30][%cal Ob7e4] And now ...Bxe4! would win.} 24. Bxe6 (24. Qc2 $142) 24... Qxe6 $17 25. Qe2 Rfe8 (25... c4 $19 26. dxc4 Rd4) 26. Ra3 {[%emt 0:00:53] This move loses the game for White.} (26. Qc2 $17 {was called for.}) 26... f5 27. Ng2 (27. a5 {is a better defense.}) 27... fxe4 $19 28. dxe4 Qxe4 29. Re3 Qxa4 30. Ne1 $2 {[%emt 0:02:15] [#]} (30. h3) 30... Rxe3 31. Qxe3 Qe4 {[%emt 0:00:30] Repels Qe7} (31... Qc6 $142 32. Nf3 Rf8) 32. Ng2 $2 {[%emt 0:00:00] Weighted Error Value: White=0.52/Black=0.30} (32. Qxe4 $19 Bxe4 33. Re2) 0-1

[Event "TUR-ch U13-18 Open 2023"]
[Site "Antalya"]
[Date "2023.01.27"]
[Round "9"]
[White "Gokdogan, Alperen"]
[Black "Ozgun, Yigit Deniz"]
[Result "0-1"]
[ECO "E60"]
[WhiteElo "1365"]
[BlackElo "1769"]
[Annotator "NA RC COMBH"]
[PlyCount "76"]
[EventDate "2023.01.17"]
[EventType "swiss"]
[EventCountry "TUR"]
[SourceTitle "playchess.com"]
[Source "ChessBase"]
[SourceQuality "1"]
[TimeControl "5400+30"]

1. d4 Nf6 2. c4 c5 3. d5 b5 4. cxb5 a6 5. bxa6 g6 6. Nc3 Bg7 7. Nf3 O-O 8. g3 Nxa6 9. Bg2 d6 10. O-O Bf5 11. Nh4 Bd7 12. e4 Qb6 13. Kh1 Ne8 14. Qe2 Nec7 15. Rd1 Nb5 16. Nxb5 Bxb5 17. Qg4 Nb4 18. Bf1 Bxf1 19. Rxf1 Nxa2 20. Ng2 Nxc1 21. Raxc1 Qxb2 22. Qd7 Bf6 23. Ne3 Rfd8 24. Qg4 Ra4 25. Nc4 Qd4 26. Rfd1 Qxf2 27. Rd2 Rxc4 28. Rxf2 Rxc1+ 29. Kg2 Rb8 30. Qf4 Rc4 31. Rf1 Rbb4 32. Re1 Rc2+ 33. Kh3 Rbb2 34. Rh1 c4 35. Qg4 c3 36. Qc8+ Kg7 37. Ra1 Rxh2+ 38. Kg4 Rbf2 0-1

[Event "TUR-ch U13-18 Open 2023"]
[Site "Antalya"]
[Date "2023.01.27"]
[Round "9"]
[White "Gupluce, Melih"]
[Black "Dirikolu, Deniz"]
[Result "1-0"]
[ECO "B21"]
[WhiteElo "1309"]
[BlackElo "1868"]
[Annotator "NA RC COMBH"]
[PlyCount "131"]
[EventDate "2023.01.17"]
[EventType "swiss"]
[EventCountry "TUR"]
[SourceTitle "playchess.com"]
[Source "ChessBase"]
[SourceQuality "1"]
[TimeControl "5400+30"]

1. e4 c5 2. Be2 Nc6 3. f4 d5 4. d3 e6 5. Nf3 Bd6 6. O-O Nge7 7. c3 O-O 8. Na3 $11 f6 9. Nc2 Qc7 10. g3 b5 11. Be3 Bb7 12. Nd2 e5 13. f5 d4 14. Bf2 g6 15. g4 h5 16. Bg3 hxg4 17. Bxg4 Kg7 18. Qf3 Rh8 19. fxg6 Raf8 20. Rf2 Nxg6 21. Rg2 Nce7 22. Qe2 f5 23. Bf3 f4 24. Bf2 Kf7 25. Bg4 Rfg8 26. Nf3 Bc8 27. Ng5+ Kf6 28. Rf1 Rh6 29. b4 dxc3 30. bxc5 Bxc5 31. d4 exd4 32. Nxd4 Ne5 33. Bxc8 Qxc8 34. Nde6 Bxf2+ 35. Rfxf2 N7c6 36. Rxf4+ Ke7 37. Qxb5 Rxe6 38. Nxe6 Qxe6 39. Qc5+ Kd7 40. Qxc3 Rxg2+ 41. Kxg2 Qxa2+ 42. Rf2 Qg8+ 43. Kh1 Qg4 44. Qd2+ Kc7 45. Rf4 Qg6 46. Rf5 Qe6 47. Qd5 Qe7 48. Qd2 a5 49. Qc2 Qd6 50. h4 Qe7 51. Qh2 Qb4 52. Qg2 Qe1+ 53. Kh2 Qxh4+ 54. Kg1 Qe1+ 55. Kh2 Qc3 56. Rf2 Qc1 57. Rc2 Qf4+ 58. Kh1 Qh4+ 59. Kg1 Qe1+ 60. Kh2 Qe3 61. Qg7+ Kb6 62. Rb2+ Kc5 63. Qf8+ Kc4 64. Qg8+ Kc3 65. Rb3+ Kd2 66. Qg2+ 1-0

[Event "TUR-ch U13-18 Open 2023"]
[Site "Antalya"]
[Date "2023.01.28"]
[Round "10"]
[White "Tarhan, Adar"]
[Black "Bektas, Cagan Erdem"]
[Result "1-0"]
[ECO "B38"]
[WhiteElo "2321"]
[BlackElo "1752"]
[Annotator "TA"]
[PlyCount "95"]
[EventDate "2023.01.17"]
[EventType "swiss"]
[EventCountry "TUR"]
[SourceTitle "playchess.com"]
[Source "ChessBase"]
[SourceQuality "1"]
[TimeControl "5400+30"]

1. e4 c5 2. Nf3 Nc6 3. d4 cxd4 4. Nxd4 g6 5. c4 Bg7 6. Be3 Nf6 7. Nc3 O-O 8. Be2 Nxd4 9. Bxd4 d6 10. O-O Bd7 11. Qd2 Bc6 12. f3 Nd7 13. Bf2 {[%emt 0:00:30] B38: Sicilian: Maroczy Bind with 5...Bg7 and 7...0-0.} a5 14. b3 Nc5 15. Rfc1 {[%emt 0:00:30] [#] White is slightly better.} e6 $146 ({Predecessor:} 15... Qb6 16. Rab1 Rfc8 17. Rc2 Qd8 18. Bf1 Be5 19. Bh4 Qf8 20. Nd5 Bxd5 21. exd5 Bf6 {1-0 Asgari,M (2300)-Faghirnavaz,A (2317) IRI-ch Zahedan 2012 (6)}) 16. Rd1 Be5 17. Rac1 Qe7 18. Bf1 f5 19. exf5 Rxf5 20. Ne2 {[%emt 0:00:30] Against Bf4} Qf6 {[%emt 0:22:30][%cal Of5f3] [#] And now ...Rxf3! would win.} (20... Ne4 $5 21. fxe4 Rxf2 22. Kxf2 Rf8+ 23. Ke3 (23. Kg1 Bxh2+ {[%mdl 64] Decoy} 24. Kxh2 Qh4+ 25. Kg1 Qf2+ 26. Kh2 Qh4+ 27. Kg1 Qf2+ 28. Kh2 Qh4+ $11) 23... Qg5+ 24. Kd3 Bxe4+ {[%mdl 64] Decoy} 25. Kxe4 Qf5+ 26. Ke3 Qg5+ 27. Ke4 Qf5+ 28. Ke3 Qg5+ 29. Ke4 $11) 21. Ng3 (21. Bg3 $14) 21... Bf4 $2 ({Black should try} 21... Qh4 $11 22. Bd4 Rh5 23. Bxe5 (23. Nxh5 $2 Bxh2+ 24. Kh1 Bg3+ 25. Kg1 Qh2#) 23... Qxh2+ 24. Kf2 Rxe5 25. Qxd6 Rg5) 22. Be3 $16 Bxg3 {[%emt 0:03:53] Loses the game.} (22... Bxe3+ $16 23. Qxe3 Re5) 23. hxg3 $18 Bxf3 (23... Nd7 $142 24. Qxd6 Re8) 24. gxf3 Rxf3 25. Bg2 ({Stronger than} 25. Qxd6 Ne4 26. Qb6 Nxg3 $11) 25... Rxg3 26. Qf2 ({Weaker is} 26. Qxd6 Qf3 $14) 26... Qxf2+ 27. Bxf2 Rg4 28. Rxd6 Ne4 29. Rxe6 Ng5 30. Re3 Rf8 31. Rg3 Nf3+ 32. Bxf3 Rxg3+ 33. Bxg3 Rxf3 {[%emt 0:00:00][%mdl 4096] Endgame KRB-KR} 34. Bc7 a4 35. bxa4 {[%emt 0:00:30] [#] Strongly threatening a5.} Ra3 (35... Rf6 $142 36. c5 Rc6) 36. a5 Rxa2 37. Rb1 Kf7 38. Rxb7 g5 39. Rb1 g4 40. c5 {[%emt 0:00:00][%cal Bc4c5,Bc5c6,Bc6c7][%mdl 32] White mates.} Ke6 41. Rd1 Kf5 42. Bb6 Ke4 43. c6 g3 44. c7 Rc2 45. a6 Kf3 46. a7 Rg2+ 47. Kf1 Rh2 48. a8=Q+ {[%emt 0:00:00] Weighted Error Value: White=0.22 (precise) /Black=0.75} (48. c8=R Rh1+ {[%mdl 64] Skewer} 49. Bg1 g2+ {[%mdl 64] Deflection} 50. Ke1 Rxg1+ 51. Kd2 Rxd1+ 52. Kc2 Rc1+ {[%mdl 64] Skewer, Decoy, Promotion} 53. Kxc1 g1=Q+ 54. Kb2 Qxa7 55. Rc3+ Qe3 56. Rxe3+ Kxe3 57. Kc1 h5 58. Kd1 Kf2 59. Kc1 h4 60. Kd2 h3 61. Kc3 h2 62. Kd4 h1=Q 63. Kc5 Ke3 64. Kd6 Qe4 65. Kc7 Kd4 66. Kd6 Qd5+ 67. Ke7 Ke5 68. Kf8 Kf6 69. Ke8 Qd1 70. Kf8 Qd8#) 1-0

[Event "TUR-ch U13-18 Open 2023"]
[Site "Antalya"]
[Date "2023.01.28"]
[Round "10"]
[White "Gokcek, Kursat Bugra"]
[Black "Pasa, Ahmet"]
[Result "1-0"]
[ECO "A38"]
[WhiteElo "2116"]
[BlackElo "1581"]
[Annotator "TA"]
[PlyCount "63"]
[EventDate "2023.01.17"]
[EventType "swiss"]
[EventCountry "TUR"]
[SourceTitle "playchess.com"]
[Source "ChessBase"]
[SourceQuality "1"]
[TimeControl "5400+30"]

1. Nf3 c5 2. c4 g6 3. d4 cxd4 4. Nxd4 Nc6 5. g3 Bg7 6. Nc2 Nf6 7. Bg2 O-O 8. O-O d6 9. Nc3 a5 {[#] A38: Symmetrical English vs ...g6: 4 Bg2 Bg7 5 Nf3 Nf6.} 10. Na4 $146 ({Predecessor:} 10. b3 Bd7 11. Bb2 Qc8 12. e4 Bh3 13. f3 Bxg2 14. Kxg2 Nd7 15. Rb1 Re8 16. Ne3 Nc5 17. Ncd5 {1-0 Abramovic,B (2429)-Novoselski,Z (2369) SRB-chT Kragujevac 2013 (9.2)}) 10... Nd7 11. Be3 Nde5 {White is slightly better.} 12. b3 (12. Nb6 Ra6 13. Nxc8 Qxc8 $11) 12... Rb8 13. Rc1 h5 14. h3 {White is more active.} Bf5 15. Kh2 h4 16. g4 $16 Be6 (16... Bxc2 $16 {keeps fighting.} 17. Rxc2 (17. Qxc2 Nd7 $16) 17... Nd7) 17. f4 $18 Nxg4+ (17... Nd7 $2 18. f5 $18) 18. hxg4 Bxg4 19. Bf3 Bxf3 20. Rxf3 ({Don't do} 20. exf3 $6 e6 21. Nd4 Nxd4) 20... e5 (20... e6 $142 21. Qg1 Re8) 21. f5 e4 22. Rf1 Be5+ 23. Kh1 Qf6 $2 {[#]} (23... Re8 24. Rg1 (24. fxg6 Qd7 $17) 24... Ne7) 24. Nb6 gxf5 25. Nd5 Qg6 26. Bf4 ({But not} 26. Rg1 Bg3 27. Qf1 Rbe8) 26... Kh8 27. Nce3 {A dynamic duo of knights.} Bxf4 (27... f6 28. Rf2 Rbd8) 28. Rxf4 Qg5 29. Rxf5 Qh6 30. Nf4 {[#] Qd5 is the strong threat.} Qg7 31. Rh5+ Kg8 32. Nf5 {Black did not feel at home in the position after the opening.   Weighted Error Value: White=0.14 (very precise) /Black=0.73} 1-0

[Event "TUR-ch U13-18 Open 2023"]
[Site "Antalya"]
[Date "2023.01.28"]
[Round "10"]
[White "Danaci, Ege"]
[Black "Hatirli, Ugur Can"]
[Result "1-0"]
[ECO "B74"]
[WhiteElo "2088"]
[BlackElo "1989"]
[Annotator "TA"]
[PlyCount "96"]
[EventDate "2023.01.17"]
[EventType "swiss"]
[EventCountry "TUR"]
[SourceTitle "playchess.com"]
[Source "ChessBase"]
[SourceQuality "1"]
[TimeControl "5400+30"]

1. e4 c5 2. Nf3 Nc6 3. d4 cxd4 4. Nxd4 Nf6 5. Nc3 d6 6. Be2 g6 7. O-O Bg7 8. Nb3 Bd7 9. Be3 O-O 10. f4 Qc8 11. h3 {[%emt 0:02:30] B74: Sicilian Dragon: Classical System with 9 Nb3.} Ne8 {[%emt 0:08:30] [#]} 12. Nd4 $146 (12. Qd2 $14) ({Predecessor:} 12. Bf3 Kh8 13. Qe2 e5 14. Rad1 exf4 15. Bxf4 Ne5 16. Nd5 b5 17. c3 h6 18. Nd4 g5 19. Bxe5 dxe5 {0-1 Nguyen,T (1898)-Vu,T (1757) VIE-ch (Women) 2021 (2)}) 12... Nc7 13. Nf3 {[%emt 0:15:30] White is slightly better.} Ne6 14. f5 Nc5 15. fxg6 hxg6 {[%emt 0:00:30] [#]} 16. Ng5 (16. Qe1 $1 $16 {and life is bright.}) 16... Ne5 $2 (16... Bxc3 $17 {stays on course.} 17. bxc3 Ne5) 17. Qe1 {[%emt 0:01:52] Qh4 is the strong threat.} (17. Nd5 {with more complications.} Qd8 18. Qe1 Ne6 19. Nh7) 17... f6 18. Nf3 Nxf3+ 19. Bxf3 Ne6 (19... Kf7 $142) 20. Nd5 ({Better is} 20. Qg3) 20... Rf7 (20... Qe8 $142) 21. c3 Nf8 22. Qg3 e5 (22... Bb5 $16) 23. Rad1 Be6 24. Bg4 Qe8 25. Bxe6 (25. Rd2 $16) 25... Qxe6 $14 26. h4 {[%emt 0:00:21] White has more active pieces. The black rooks are badly placed.} (26. Qg4 $16) 26... f5 $11 {[%emt 0:00:45] Strongly threatening ...f4.} 27. Bg5 f4 (27... fxe4 28. Rxf7 Qxf7 29. Qg4 $16) 28. Qd3 Nh7 29. Qc4 Re8 30. Rf3 Kh8 31. Ne3 Qd7 (31... Bf6 $5 32. Bxf6+ Nxf6 33. Qxe6 Rxe6 $11) 32. Qd5 Bf8 33. Nc4 Re6 $1 34. g3 (34. Rh3 $14) 34... b5 35. Na5 Ref6 36. Kg2 (36. Bxf6+ Nxf6 $17) 36... Kg7 {[%emt 0:02:46] [#]} 37. c4 (37. Bxf6+ $6 Nxf6 38. Qc6 Qg4 $11) ({White should try} 37. Rdf1 $1 $16) 37... bxc4 (37... Nxg5 $2 38. hxg5 Re6 39. cxb5 $18 (39. Qxb5 Qc8 $16)) 38. Nxc4 fxg3 $2 (38... Nxg5 $2 39. hxg5 Re6 40. gxf4 (40. Rdf1 Re8 $16) 40... Rxf4 41. Nxe5 $18) (38... Qg4 $1 $11) 39. Bxf6+ $2 (39. Nxe5 $18 {and the rest is easy. And now Rxf6 would win.} dxe5 40. Qxd7 (40. Bxf6+ Nxf6 41. Qxd7 Rxd7 $11) 40... Rxf3 41. Qe6) 39... Nxf6 $16 40. Qd3 $36 {[%emt 0:00:30][%cal Oc4e5][%mdl 2048] Hoping for Nxe5! White is really pushing. Really sharp!} (40. Nxd6 $2 Nxd5 41. Rxf7+ Qxf7 42. Nxf7 Ne3+ 43. Kf3 Nxd1 $19) 40... Qc6 $2 (40... Qb7 $16) 41. Rdf1 $18 (41. Kxg3 $2 Nxe4+ 42. Kh2 (42. Kg2 $2 Rxf3 {[%mdl 64] Deflection} 43. Qxf3 Qxc4 $19) 42... Rxf3 43. Qxf3 Qxc4 $19) 41... Be7 42. Ne3 (42. Kxg3 Nxe4+ 43. Kh2 Rxf3 44. Rxf3 Bxh4 $11) 42... Qb7 43. b3 ({Weaker is} 43. Kxg3 Nh5+ 44. Kh2 Rf4 $14) (43. Qc4 Qxb2+ 44. Nc2 (44. Kxg3 Nh5+ 45. Kg4 Rxf3 $11) 44... Qb7 $16) 43... Rf8 44. Nd5 ({Not} 44. Kxg3 Nxe4+ 45. Kh2 Rxf3 46. Rxf3 Ng5 $11) 44... Nh5 $2 (44... Nxd5 45. Rxf8 Nf6) 45. Rxf8 {[%emt 0:00:30][%mdl 64] Remove Defender. White is clearly winning.} Bxf8 {[%emt 0:00:30] Black is weak on the light squares} 46. Qf3 Nf4+ 47. Nxf4 exf4 48. Qxf4 Qe7 {[%emt 0:00:30] An entertaining game by Danaci.   Weighted Error Value: White=0.45/Black=0.45} 1-0

[Event "TUR-ch U13-18 Open 2023"]
[Site "Antalya"]
[Date "2023.01.28"]
[Round "10"]
[White "Topuz, Mirac Melih"]
[Black "Ceyhan, Mert"]
[Result "0-1"]
[ECO "A09"]
[WhiteElo "2071"]
[BlackElo "1733"]
[Annotator "TA"]
[PlyCount "94"]
[EventDate "2023.01.17"]
[EventType "swiss"]
[EventCountry "TUR"]
[SourceTitle "playchess.com"]
[Source "ChessBase"]
[SourceQuality "1"]
[TimeControl "5400+30"]

1. Nf3 d5 2. c4 d4 3. b4 g5 4. Bb2 Bg7 5. e3 e5 $1 6. exd4 {[%emt 0:04:30] A09: Réti Opening: 1 Nf3 d5 2 c4.} exd4 7. Qe2+ {[%emt 0:05:30] [#]} (7. d3 $15) 7... Be6 $146 (7... Ne7 $19 {[%cal Od4d3] White must now prevent ...d3!} 8. Nxg5 O-O) ({Predecessor:} 7... Ne7 8. d3 O-O 9. Qd2 g4 10. Ng1 Nf5 11. Ne2 Nc6 12. a3 Re8 13. Qc2 b5 14. cxb5 Ne5 15. Nd2 c6 {0-1 Zhang,D (1981)-He,S (2154) Seattle Classic op 2017 (6)}) 8. Qe4 ({Better is} 8. h3 $15) 8... Nc6 $17 {[%emt 0:02:30] And now ...Qe7 would win.} 9. a3 $2 (9. b5 $17 Nf6 10. Qe2) 9... g4 $19 10. b5 Nf6 11. Qd3 Qe7 12. Nxd4 Nxd4 (12... Bxc4+ 13. Qe3 Nxd4 14. Bxd4 $15 (14. Qxe7+ Kxe7 15. Bxd4 Bxf1 $15)) 13. Bxd4 O-O-O (13... Bxc4+ 14. Qe3 Be6 15. Nc3 $15) 14. Be2 (14. Qe3 $142 Rxd4 15. Qxd4 Bxc4+ 16. Qe3) 14... Nh5 15. Bxg7 Rxd3 16. Bxh8 Rd8 17. O-O Rxh8 18. Re1 Nf4 19. Bf1 Qd7 20. Nc3 Qxd2 21. Ne4 Qc2 22. c5 Bf5 23. Rac1 Qxc1 24. Rxc1 Bxe4 25. Rc4 Re8 26. f3 gxf3 27. gxf3 {[%emt 0:00:30] [#]} Bd3 28. Rxf4 (28. Bxd3 Nxd3) 28... Re1 $1 29. Rxf7 Rxf1+ {[%emt 0:01:30][%mdl 4096] Endgame KRB-KR} 30. Kg2 Rc1 31. Rf8+ Kd7 32. Rf7+ Kd8 33. b6 axb6 34. cxb6 cxb6 35. Rxb7 b5 36. Kf2 Ra1 37. Ke3 Rxa3 38. Kd4 Rb3 39. f4 Bg6 40. Ke5 (40. Kc5 $142) 40... Kc8 41. Rg7 Re3+ 42. Kf6 Re4 43. Kg5 b4 {[%emt 0:00:30] ( -> ...b3)} 44. Ra7 b3 {[%emt 0:00:30] Black mates.} 45. Ra3 Rb4 46. f5 b2 47. fxg6 b1=Q {[%emt 0:00:00] White got outplayed after the opening.   Weighted Error Value: White=0.71/Black=0.44} ({Not} 47... b1=B 48. Ra8+ Kd7 49. gxh7 (49. g7 h6+ {[%mdl 64] Decoy} 50. Kxh6 Rb6+ 51. Kh5 Bg6+ 52. Kh4 Bh7 $11) 49... Rb5+ 50. Kf6 Bxh7 51. Ra7+ Ke8 52. Rxh7 $11) 0-1